 Dungeon Crawl Stone Soup version 0.31-a0-920-g28cbb04a8c (webtiles) character file.

Game seed: 11034595135143833066

15374 kae the Slicer (level 12, -7/81 HPs)
             Began as a Demonspawn Enchanter on Oct 17, 2023.
             Was a Priest of Dithmenos.
             Mangled by a skeletal warrior
             ... wielding a +0 long sword
              (11 damage)
             ... on level 11 of the Dungeon.
             The game lasted 00:15:50 (13701 turns).

kae the Slicer (Demonspawn Enchanter)              Turns: 13701, Time: 00:15:50

Health: -7/81      AC:  8    Str:  9    XL:     12   Next: 0%
Magic:  0/21       EV: 20    Int: 21    God:    Dithmenos [***...]
Gold:   537        SH:  0    Dex: 14    Spells: 7/24 levels left

rFire   . . .        f - +6 dagger (elec)
rCold   . . .        (no shield)
rNeg    . . .        z - +0 acid dragon scales
rPois   .            (helmet unavailable)
rElec   .            m - +0 cloak
rCorr   +            (no gloves)
SInv    .            (no boots)
Will    .....        G - amulet of guardian spirit
Stlth   +++++        L - ring of flight
HPRegen 0.33/turn    E - +5 ring of evasion
MPRegen 0.17/turn

%: guardian spirit
@: flying, wreathed by umbra
A: horns 3, repulsion field 2, ignite blood 2
a: Renounce Religion, Shadow Step


You were on level 11 of the Dungeon.
You worshipped Dithmenos.
Dithmenos was most pleased with you.
You visited 2 branches of the dungeon, and saw 12 of its levels.
You also visited: Ossuary and Bailey.

You collected 665 gold pieces.
You spent 128 gold pieces at shops.


Innate Abilities, Weirdness & Mutations

You have a pair of large horns on your head.
You are surrounded by a moderate repulsion field. (EV +3)
Your demonic aura often causes spilled blood to erupt in flames.


   Skills:
 + Level 3.5 Fighting
 * Level 10.1 Short Blades
 + Level 3.2 Armour
 + Level 3.7 Dodging
 + Level 8.2 Stealth
 - Level 6.5 Spellcasting
 - Level 10.0 Hexes
 + Level 7.3 Invocations


You had 7 spell levels left.
You knew the following spells:

 Your Spells              Type           Power      Damage    Failure   Level
a - Ensorcelled Hibernat  Hex/Ice        54%        N/A       3%          2
b - Confusing Touch       Hex            49%        N/A       1%          3
c - Slow                  Hex            100%       N/A       1%          1
d - Sigil of Binding      Hex            49%        N/A       1%          3
e - Tukima's Dance        Hex            49%        N/A       1%          3
f - Dazzling Flash        Conj/Hex       54%        N/A       6%          3
g - Jinxbite              Hex            98%        N/A       1%          2

Your spell library contained the following spells:

 Spells                   Type           Power      Damage    Failure   Level
 Inner Flame              Hex/Fire       27%        N/A       6%          3
 Apportation              Tloc           12%        N/A       16%         1
 Magic Dart               Conj           24%        1d4       16%         1
 Necrotise                Necr           24%        1d5       16%         1
 Summon Small Mammal      Summ           24%        N/A       16%         1
 Dimensional Bullseye     Hex/Tloc       13%        N/A       19%         4
 Fulminant Prism          Conj/Hex       13%        3d9       19%         4
 Poisonous Vapours        Pois/Air       12%        N/A       22%         2
 Searing Ray              Conj           12%        2d4       22%         2
 Frozen Ramparts          Ice            12%        1d2       41%         3
 Hailstorm                Conj/Ice       6%         3d4       41%         3
 Vampiric Draining        Necr           6%         2d6       41%         3
 Yara's Violent Unravell  Hex/Tmut       13%        3d7       47%         5
 Flame Wave               Conj/Fire      6%         2d5       83%         4
 Iskenderun's Mystic Bla  Conj/Tloc      6%         2d4       83%         4
 Olgreb's Toxic Radiance  Pois           6%         N/A       83%         4
 Passage of Golubria      Tloc           6%         N/A       83%         4
 Sticky Flame             Conj/Fire      6%         2d3       83%         4
 Summon Ice Beast         Ice/Summ       6%         N/A       83%         4
 Agony                    Necr           6%         N/A       99%         5
 Alistair's Intoxication  Tmut/Pois      4%         N/A       99%         5
 Simulacrum               Ice/Necr       3%         N/A       100%        6

Inventory:

Hand Weapons
 a - a +1 dagger
 f - a +6 dagger of electrocution (weapon)
   (You took it off a goblin on level 1 of the Dungeon)
Missiles
 i - 9 javelins
 k - 97 stones
 l - 7 boomerangs
 q - 12 poisoned darts
 u - 4 atropa-tipped darts
Armour
 b - a +0 robe
 m - a +0 cloak (worn)
   (You took it off Crazy Yiuf on level 2 of the Dungeon)
 z - +0 acid dragon scales (worn)
   (You found it on level 8 of the Dungeon)
Magical Staves
 K - the staff "Lamp" {Will+ Conj, !a}
   (You found it in a bailey)

   [staff of conjuration]

   Base accuracy: +5 Base damage: 5 Base attack delay: 1.2 This weapon's minimum
   attack delay (0.6) is reached at skill level 12.
   Will+:     It increases your willpower.
   Conj:      It increases the power of your Conjurations spells.
   It falls into the 'Staves' category.
   It is a one-handed weapon.
 M - a staff of conjuration {!a}
   (You found it on level 9 of the Dungeon)
Jewellery
 C - a ring of ice
   (You found it on level 5 of the Dungeon)
 E - a +5 ring of evasion (right hand)
   (You found it on level 5 of the Dungeon)
 F - the ring of Xyidam {Fire rPois rN++ Will- Stlth+}
   (You took it off an ogre mage on level 11 of the Dungeon)

   [ring of fire]

   Fire:      It enhances your fire magic.
   rF+:       It protects you from fire.
   rC-:       It makes you vulnerable to cold.
   rPois:     It protects you from poison rN++: It greatly protects you from
   negative energy.
   Will-:     It decreases your willpower.
   Stlth+:    It makes you more stealthy.
 G - an amulet of guardian spirit (around neck)
   (You found it on level 4 of the Dungeon)
 J - the ring of Conformity {Wiz rPois}
   (You found it in a bailey)

   [ring of wizardry]

   Wiz:       It improves your spell success rate.
   rPois:     It protects you from poison
 L - a ring of flight (left hand)
   (You found it on level 2 of the Dungeon)
 T - an amulet of faith {!P}
   (You took it off an orc on level 11 of the Dungeon)
 Z - a ring of wizardry
   (You found it on level 11 of the Dungeon)
Wands
 d - a wand of polymorph (15)
   (You found it on level 2 of the Dungeon)
 A - a wand of paralysis (14)
   (You found it on level 5 of the Dungeon)
 O - a wand of mindburst (2)
   (You took it off Pikel on level 8 of the Dungeon)
Scrolls
 j - 6 scrolls of teleportation {@r4}
 r - a scroll of identify {@r1}
 t - 3 scrolls of poison {!r}
 w - 2 scrolls of fear
 y - a scroll of fog
 B - a scroll of blinking {!r}
 D - 2 scrolls of vulnerability {!r!r}
 N - 2 scrolls of enchant armour {unknown}
Potions
 c - a potion of invisibility
 e - 4 potions of mutation {!q}
 g - 3 potions of cancellation
 h - a potion of ambrosia
 n - 3 potions of magic
 o - 2 potions of brilliance
 p - 6 potions of heal wounds {@q2}
 s - a potion of might
 v - 3 potions of attraction {!q}
 x - 2 potions of curing {@q1}
 H - 3 potions of lignification {!q}
 I - a potion of degeneration {!q}

Dungeon Overview and Level Annotations

Branches:
Dungeon (11/15) Zot: 24825  Temple (1/1) D:6 Zot: 5981     Orc (0/2) D:11
Ossuary (visited)          Bailey (visited)
   Lair: D:8-11

Altars:
Ashenzari
Cheibriados
Dithmenos
Fedhas
Gozag
Hepliaklqana
Kikubaaqudgha
Makhleb
Nemelex Xobeh
Okawaru
Qazlal
Ru
Sif Muna
Trog
Uskayaw
Vehumet
Wu Jian
Xom
Yredelemnul

Shops:
D:1 =**[[

Annotations:
D:8 Maggie
D:11 1 runed translucent door

......##............###..........
#######.............###..........
..(..##.............#............
####(#.........#....#........####
##..##.###....##.............#..#
#.###..# #.....##................
#).##.####..##.##..#.............
...#...##...##.z)).#.............
####...(#.#####.@##.............#
.............##..#..........##..#
.................#..............#
.........####..................##
.........#######...............##
...........# ##..............)#
...........#####................#
...........[..###...............#
.#.............##....^#.####.?###


You could see a skeletal warrior.


Message History

You regained 20 hp, and now have 68/81 hp.
Your mp is fully restored (21).
Done exploring.
You start resting. 😎 HP[+13]
Your hp is fully restored (81).
Casting: Confusing Touch (safe; 1% risk of failure)
Confirm with . or Enter, or press ? or * to list all spells.
Your hands begin to glow red. 😎 MP[-3]
You lost 3 mp, and now have 18/21 mp.
You fly downwards.
Level annotation: 1 runed translucent door The skeletal warrior hits you with a +0 long sword!!
There is a stone staircase leading up, spattered with blood here. 😕 HP[-19] MP[-4]
You take 19 damage, and now have 62/81 hp.
MASSIVE DAMAGE!! (PAUSE)
You lost 4 mp, and now have 14/21 mp.
You hit the skeletal warrior but do no damage.
The skeletal warrior hits you with a +0 long sword! 😮 HP[-6] MP[-1]
You take 6 damage, and now have 56/81 hp.
You lost 1 mp, and now have 13/21 mp.
Unknown command.
You hit the skeletal warrior but do no damage.
You headbutt the skeletal warrior. 😮 HP[+1] MP[+1] Unknown command.
You completely miss the skeletal warrior.
You headbutt the skeletal warrior, but do no damage.
The skeletal warrior hits you with a +0 long sword! 😮 HP[-10] MP[-3]
You take 10 damage, and now have 47/81 hp.
You lost 3 mp, and now have 11/21 mp.
You hit the skeletal warrior but do no damage.
You headbutt the skeletal warrior, but do no damage.
Unknown command.
You hit the skeletal warrior but do no damage.
You headbutt the skeletal warrior. The skeletal warrior barely misses you.
You hit the skeletal warrior but do no damage.
You hit the skeletal warrior but do no damage.
Your headbutt misses the skeletal warrior.
The skeletal warrior hits you but does no damage.
You closely miss the skeletal warrior.
You headbutt the skeletal warrior! 😮 HP[+1]
You hit the skeletal warrior but do no damage.
The skeletal warrior closely misses you.
You hit the skeletal warrior but do no damage.
Your headbutt misses the skeletal warrior.
You hit the skeletal warrior but do no damage.
Your headbutt misses the skeletal warrior.
The skeletal warrior hits you with a +0 long sword!
* * * LOW HITPOINT WARNING * * *
😨 HP[-9] MP[-3]
You take 9 damage, and now have 39/81 hp.
You lost 3 mp, and now have 8/21 mp.
You hit the skeletal warrior but do no damage.
You hit the skeletal warrior but do no damage.
The skeletal warrior hits you with a +0 long sword!!
* * * LOW HITPOINT WARNING * * *
😨 HP[-15] MP[-3]
You take 15 damage, and now have 24/81 hp.
You lost 3 mp, and now have 5/21 mp.
You hit the skeletal warrior but do no damage.
Your headbutt misses the skeletal warrior. 😨 MP[+1]
You hit the skeletal warrior but do no damage.
The skeletal warrior barely misses you. 😨 HP[+1]
You hit the skeletal warrior but do no damage.
You headbutt the skeletal warrior, but do no damage.
You hit the skeletal warrior but do no damage.
Your hands stop glowing.
The skeletal warrior hits you with a +0 long sword!
* * * LOW HITPOINT WARNING * * *
😱 HP[-8] MP[-2]
You take 8 damage, and now have 17/81 hp.
You lost 2 mp, and now have 4/21 mp.
You hit the skeletal warrior.
Lightning courses through the skeletal warrior!!
You headbutt the skeletal warrior.
You hit the skeletal warrior but do no damage.
The skeletal warrior misses you.
You hit the skeletal warrior but do no damage.
You headbutt the skeletal warrior, but do no damage.
You puncture the skeletal warrior!
Lightning courses through the skeletal warrior!
You headbutt the skeletal warrior, but do no damage.
The skeletal warrior hits you with a +0 long sword!
* * * LOW HITPOINT WARNING * * *
😱 HP[-13] MP[-3]
You take 13 damage, and now have 4/81 hp.
You lost 3 mp, and now have 1/21 mp.
You hit the skeletal warrior but do no damage.
You headbutt the skeletal warrior, but do no damage.
You hit the skeletal warrior.
You headbutt the skeletal warrior, but do no damage.
The skeletal warrior hits you with a +0 long sword!
You die...

Skill      XL: |  1  2  3  4  5  6  7  8  9 10 11 |
---------------+----------------------------------+-----
Short Blades   | 1 2 3 4 5 6 7 8 10 | 10.1
Stealth        | 3 4 5 6 7 8 |  8.2
Hexes          | 4 5 6 7 8 10 | 10.0
Spellcasting   | 3 4 5 6 |  6.5
Invocations    | 3 5 7 |  7.3
Dodging        | 3 |  3.7
Fighting       | 3 |  3.5
Armour         | 3 |  3.2

Action                     |  1- 3 |  4- 6 |  7- 9 | 10-12 || total
---------------------------+-------+-------+-------+-------++-------
  Melee: Dagger            |   118 |   120 |   314 |   422 ||   974
         Headbutt          |    10 |    21 |    48 |    82 ||   161
         Punch             |       |     1 |     7 |     4 ||    12
   Cast: Ensorcelled Hiber |     6 |    26 |    24 |    48 ||   104
         Confusing Touch   |       |     2 |     9 |    14 ||    25
         Sigil of Binding  |       |       |     1 |       ||     1
         Dazzling Flash    |       |       |       |     1 ||     1
  Evoke: Wand              |       |       |       |     3 ||     3
    Use: Scroll            |     4 |     4 |    13 |     5 ||    26
         Potion            |       |     3 |       |       ||     3
   Stab: Sleeping          |    13 |    13 |    27 |    27 ||    80
         Confused          |       |     2 |     8 |    10 ||    20
         Invisible         |       |       |       |     1 ||     1
 Armour: Robe              |    44 |    64 |    92 |       ||   200
         Acid dragon scale |       |       |    23 |   155 ||   178
  Dodge: Dodged            |    61 |    74 |   221 |   338 ||   694

Levels and vault maps discovered:
D:1:      lightli_arrival_boilingwater, layout_rooms, serial_shops, shop, shop,
          shop, nicolae_shop_real_fake_doors, nicolae_square_shop,
          ebering_ecumenical_altar_rust
D:2:      layout_loops_corners, minmay_3d_cube, uniq_crazy_yiuf_cottage
D:3:      layout_basic, makhleb_altar_promises_db
D:4:      layout_rooms, nrook_loot_triangle, st_stairs_3
D:5:      layout_basic, lemuel_doored_altar, fedhas_altar_2,
          minmay_misc_feat_five, minmay_statues_item
D:6:      layout_loops_corners, mainiacjoe_overflow_paths,
          minmay_temple_entry_tees, nicolae_ossuary_entry_ruins,
          grunt_decor_resistance
D:7:      layout_basic, mainiacjoe_overflow_boulevard, serial_co_window_serial,
          co_window_paths_a, co_window_paths_a, co_window_paths_b,
          co_window_paths_b, co_window_paths_b, co_window_paths_b,
          co_window_paths_a, co_window_of_opportunity_b, co_window_corner_ca,
          co_window_2corner, co_window_broadway_a, co_window_cross_3,
          co_window_4corner_a, co_window_4corner_b, glass_columns_b,
          glass_columns_c, feat_on_display
D:8:      layout_loops_ring, uniq_maggie, uniq_pikel
D:9:      layout_loops_ring, nicolae_overflow_crystal_walls,
          nicolae_qazlal_general_emergency, nicolae_vehumet_altar_sigil
D:10:     layout_rooms, nicolae_elyvilon_peaceful_grove, special_room
          [special_room_orc], enter_bailey_2
D:11:     minmay_the_grid_triangle_9x9_rhombus_thin_mashed
          [minmay_the_grid_triangle_9x9_impossible_snake,
          minmay_the_grid_triangle_9x9_prize_schism,
          minmay_the_grid_triangle_9x9_subtriangle,
          minmay_the_grid_triangle_9x9_wacky_v], layout_cave_pools,
          lair_entry_dummy, uniq_josephine
Temple:   dshaligram_water_room_temple

Notes
Turn   | Place    | Note
-------+----------+-------------------------------------------
     0 | D:1      | kae the Demonspawn Enchanter began the quest for the Orb.
     0 | D:1      | Reached XP level 1. HP: 13/13 MP: 3/3
     0 | D:1      | magus.rc [v1.11.3]
    10 | D:1      | Found Cymy's Armour Boutique.
    20 | D:1      | Reached skill level 1 in Short Blades
    76 | D:1      | Found Poryvil's Antique Armour Emporium.
   184 | D:1      | Gained mutation: You have a pair of small horns on your
                  | head. [demonic ancestry]
   184 | D:1      | Reached XP level 2. HP: 10/19 MP: 5/5
   236 | D:1      | Learned a level 2 spell: Ensorcelled Hibernation
   305 | D:1      | Found Nunit's General Store.
   314 | D:1      | Found a faded altar of an unknown god.
   337 | D:1      | Found Zuratwul's Assorted Antiques.
   358 | D:1      | Bought a bubbling golden potion for 22 gold pieces
   393 | D:1      | Found Vupizxon's Jewellery Emporium.
   661 | D:1      | Reached skill level 3 in Stealth
   661 | D:1      | Reached XP level 3. HP: 18/24 MP: 6/6
   679 | D:1      | Learned a level 3 spell: Confusing Touch
  1217 | D:2      | Reached skill level 2 in Short Blades
  1455 | D:2      | Gained mutation: You are surrounded by a mild repulsion
                  | field. (EV +2) [demonic ancestry]
  1455 | D:2      | Reached XP level 4. HP: 15/30 MP: 0/7
  1527 | D:2      | You pick up a book of Necromancy and begin reading...
  1527 | D:2      | You add the spells Necrotise, Vampiric Draining and Agony
                  | to your library.
  1581 | D:2      | Found a runed translucent door.
  1582 | D:2      | Noticed Crazy Yiuf
  1591 | D:2      | Killed Crazy Yiuf
  1705 | D:3      | Reached skill level 4 in Hexes
  1722 | D:3      | You add the spells Passage of Golubria and Yara's Violent
                  | Unravelling to your library.
  1753 | D:3      | HP: 4/30 [poisoned by an orc]
  1754 | D:3      | HP: 1/30 [poisoned by an orc]
  1759 | D:2      | HP: 6/30 [poisoned by an orc]
  1985 | D:2      | Gained mutation: You have a pair of horns on your head.
                  | [demonic ancestry]
  1985 | D:2      | Reached XP level 5. HP: 21/35 MP: 2/8
  2258 | D:3      | Found a burning altar of Makhleb.
  2258 | D:3      | Noticed an Executioner
  2273 | D:3      | You pick up a book of Debilitation and begin reading...
  2273 | D:3      | You add the spells Slow and Sigil of Binding to your
                  | library.
  2753 | D:4      | Learned a level 1 spell: Slow
  2757 | D:4      | Learned a level 3 spell: Sigil of Binding
  2779 | D:4      | Reached skill level 3 in Short Blades
  2864 | D:4      | Gained mutation: Your demonic aura sometimes causes spilled
                  | blood to erupt in flames. [demonic ancestry]
  2864 | D:4      | Reached XP level 6. HP: 41/41 MP: 7/10
  3110 | D:4      | Reached skill level 3 in Spellcasting
  3213 | D:4      | Reached skill level 5 in Hexes
  3584 | D:1      | Bought a scroll labelled YKEGOA FOCISKO for 25 gold pieces
  3584 | D:1      | Bought a scroll labelled HEGAJ HYSY for 25 gold pieces
  3746 | D:1      | Bought a scroll of identify for 28 gold pieces
  3746 | D:1      | Bought a scroll of identify for 28 gold pieces
  3831 | D:5      | Entered Level 5 of the Dungeon
  4187 | D:5      | Reached skill level 4 in Short Blades
  4187 | D:5      | Reached skill level 4 in Stealth
  4187 | D:5      | Reached XP level 7. HP: 39/46 MP: 6/12
  4391 | D:5      | Found an ancient bone altar of Kikubaaqudgha.
  4603 | D:5      | Found a blossoming altar of Fedhas.
  4746 | D:5      | You pick up a book of the Tundra and begin reading...
  4746 | D:5      | You add the spells Hailstorm, Summon Ice Beast and
                  | Simulacrum to your library.
  4783 | D:5      | Reached skill level 6 in Hexes
  4851 | D:5      | Identified the +8 war axe of Division {flame, rF+ rN+
                  | Str+3}
  4914 | D:5      | Reached skill level 5 in Short Blades
  4914 | D:5      | Gained mutation: Your demonic aura often causes spilled
                  | blood to erupt in flames. [demonic ancestry]
  4914 | D:5      | Reached XP level 8. HP: 52/52 MP: 13/13
  5017 | D:5      | Learned a level 3 spell: Tukima's Dance
  5085 | D:6      | You pick up a book of Conjurations and begin reading...
  5085 | D:6      | You add the spells Magic Dart, Searing Ray and Fulminant
                  | Prism to your library.
  5111 | D:6      | Found a sand-covered staircase.
  5122 | Ossuary  | Entered an ossuary
  5174 | Ossuary  | Reached skill level 4 in Spellcasting
  5438 | Ossuary  | Reached skill level 5 in Stealth
  5449 | Ossuary  | Learned a level 3 spell: Dazzling Flash
  5556 | D:6      | Reached skill level 7 in Hexes
  5647 | D:6      | Reached skill level 6 in Short Blades
  6021 | D:6      | Gained mutation: You have a pair of large horns on your
                  | head. [demonic ancestry]
  6021 | D:6      | Reached XP level 9. HP: 57/57 MP: 11/16
  6088 | D:6      | Found a broken altar of Ashenzari.
  6250 | D:6      | Found a staircase to the Ecumenical Temple.
  6384 | Temple   | Entered the Ecumenical Temple
  6393 | Temple   | Became a worshipper of Dithmenos the Shadowed
  6641 | D:7      | Found an opulent altar of Gozag.
  6893 | D:7      | Reached skill level 5 in Spellcasting
  6893 | D:7      | Reached skill level 1 in Invocations
  7223 | D:7      | Reached skill level 8 in Hexes
  7251 | D:7      | You pick up a book of Flames and begin reading...
  7251 | D:7      | You add the spells Inner Flame, Sticky Flame and Flame Wave
                  | to your library.
  7535 | D:7      | You pick up a book of Cantrips and begin reading...
  7535 | D:7      | You add the spells Summon Small Mammal and Apportation to
                  | your library.
  7616 | D:7      | Noticed a troll
  7620 | D:7      | Killed a troll
  7621 | D:7      | Reached skill level 7 in Short Blades
  7621 | D:7      | Reached skill level 2 in Invocations
  8022 | D:8      | Noticed Maggie
  8102 | D:8      | Reached skill level 6 in Stealth
  8520 | D:8      | You pick up a book of Party Tricks and begin reading...
  8520 | D:8      | You add the spells Jinxbite and Alistair's Intoxication to
                  | your library.
  8548 | D:8      | Noticed Pikel
  8560 | D:8      | Reached skill level 3 in Invocations
  8730 | D:8      | Killed Pikel
  8731 | D:8      | Gained mutation: You are surrounded by a moderate repulsion
                  | field. (EV +3) [demonic ancestry]
  8731 | D:8      | Reached XP level 10. HP: 47/63 MP: 7/18
  9097 | D:8      | Learned a level 2 spell: Jinxbite
  9261 | D:9      | Noticed a two-headed ogre
  9292 | D:9      | Killed a two-headed ogre
  9293 | D:9      | Reached skill level 9 in Hexes
  9430 | D:9      | You pick up a book of Weapons and begin reading...
  9430 | D:9      | You add the spells Dimensional Bullseye and Iskenderun's
                  | Mystic Blast to your library.
  9489 | D:9      | Found a radiant altar of Vehumet.
  9504 | D:9      | Reached skill level 4 in Invocations
  9565 | D:9      | Reached skill level 8 in Short Blades
  9637 | D:9      | Reached skill level 6 in Spellcasting
  9699 | D:9      | Found a stormy altar of Qazlal.
 10045 | D:9      | Found a snail-covered altar of Cheibriados.
 10225 | Bailey   | Identified the "Soteden"
 10225 | D:10     | Entered Level 10 of the Dungeon
 10305 | D:10     | Found a flagged portal.
 10321 | Bailey   | Entered a bailey
 10370 | Bailey   | Reached skill level 7 in Stealth
 10422 | Bailey   | Reached * piety under Dithmenos
 10540 | Bailey   | Reached skill level 5 in Invocations
 10627 | Bailey   | Identified the ring of Conformity {Wiz rPois}
 10666 | Bailey   | Noticed a gargoyle
 10684 | Bailey   | Killed a gargoyle
 10792 | Bailey   | You add the spells Poisonous Vapours, Frozen Ramparts and
                  | Olgreb's Toxic Radiance to your library.
 10836 | Bailey   | Identified the staff "Lamp" {Will+ Conj}
 11001 | D:10     | Reached ** piety under Dithmenos
 11068 | D:10     | Reached skill level 10 in Hexes
 11081 | D:10     | Reached XP level 11. HP: 68/68 MP: 20/20
 11488 | D:11     | Noticed a centaur warrior
 11491 | D:11     | Noticed Josephine
 11625 | D:10     | Reached skill level 2 in Dodging
 11641 | D:10     | Reached skill level 9 in Short Blades
 11702 | D:10     | Reached skill level 1 in Fighting
 11733 | D:10     | Reached skill level 1 in Armour
 11980 | D:10     | HP: 17/70 [centaur warrior (2)]
 11984 | D:10     | Killed a centaur warrior
 11985 | D:10     | Reached skill level 6 in Invocations
 12414 | D:11     | Reached *** piety under Dithmenos
 12463 | D:11     | Found a staircase to the Orcish Mines.
 12537 | D:11     | Found a runed translucent door.
 12547 | D:11     | Reached skill level 2 in Fighting
 12549 | D:11     | Reached skill level 2 in Armour
 12863 | D:11     | Killed Josephine
 12864 | D:11     | Reached skill level 3 in Dodging
 12910 | D:11     | Noticed a tengu warrior
 12920 | D:11     | Killed a tengu warrior
 12979 | D:11     | Noticed a centaur warrior
 12979 | D:11     | Noticed a brown ugly thing
 12979 | D:11     | Noticed a skeletal warrior
 12981 | D:11     | Noticed a six-headed hydra
 12995 | D:11     | HP: 13/74 [skeletal warrior/+0 long sword (17)]
 13003 | D:11     | Noticed a six-headed hydra
 13211 | D:11     | Noticed a deep elf pyromancer
 13222 | D:11     | Killed a deep elf pyromancer
 13223 | D:11     | Reached skill level 3 in Fighting
 13223 | D:11     | Reached skill level 8 in Stealth
 13245 | D:11     | Identified the ring of Xyidam {Fire rPois rN++ Will-
                  | Stlth+}
 13245 | D:11     | Noticed an ogre mage
 13251 | D:11     | Killed an ogre mage
 13252 | D:11     | Reached skill level 7 in Invocations
 13257 | D:11     | Reached skill level 3 in Armour
 13303 | D:11     | Reached skill level 10 in Short Blades
 13334 | D:11     | You pick up a book of Weapons and begin reading...
 13490 | D:11     | Killed a six-headed hydra
 13491 | D:11     | Reached XP level 12. HP: 39/81 MP: 5/21
 13491 | D:11     | HP: 20/81 [skeletal warrior/+0 long sword (19)]
 13695 | D:11     | HP: 17/81 [skeletal warrior/+0 long sword (8)]
 13699 | D:11     | HP: 4/81 [skeletal warrior/+0 long sword (14)]
 13701 | D:11     | Mangled by a skeletal warrior

Vanquished Creatures
  Josephine (D:11)
  An ogre mage (D:11)
  A hydra (D:11)
  A centaur warrior (D:10)
  A two-headed ogre (D:9)
  A tengu warrior (D:11)
  Pikel (D:8)
  A deep elf pyromancer (D:11)
  4 cyclopes (D:11)
  A gargoyle (Bailey)
  A kobold demonologist (D:11)
  A komodo dragon (D:10)
  A yaktaur (D:11)
  3 trolls
  2 vampires
  A shadow (D:11)
  6 wraiths (D:10)
  9 yaks
  2 acid dragons (D:8)
  3 black bears
  An orc warrior (D:10)
  A sky beast (D:8)
  2 ice beasts (D:6)
  2 ogres
  8 centaurs
  4 lemures (D:8)
  A kobold brigand (D:8)
  3 phantoms
  3 bullfrogs
  4 scorpions
  8 water moccasin zombies (Ossuary)
  5 wights (D:8)
  7 killer bees
  5 wolf zombies (Bailey)
  9 vampire bats (Bailey)
  A howler monkey (D:11)
  Crazy Yiuf (D:2)
  3 hounds
  2 orc priests
  3 sleepcaps
  7 iguanas
  10 orc wizards
  2 mummies (Ossuary)
  7 adders
  2 shadow imps (D:7)
  A white imp (D:5)
  2 ufetubi (D:6)
  9 adder zombies (Ossuary)
  A worm (D:2)
  3 dart slugs
  52 orcs
  2 bats (D:1)
  15 endoplasms
  3 giant cockroaches
  A gnoll zombie (Ossuary)
  9 hobgoblins
  4 jackals (D:1)
  7 quokkas
  7 ball pythons
  3 frilled lizards (D:2)
  8 goblins
  2 hobgoblin zombies (Ossuary)
  14 kobolds
  4 kobold zombies (Ossuary)
  19 orc zombies
  4 rats
313 creatures vanquished.

Vanquished Creatures (others)
  A ball python (D:4)
1 creature vanquished.

Grand Total: 314 creatures vanquished

Table legend:
 A = Non-vault XP
 B = Vault XP
 C = Vault XP percentage of total XP
 D = Non-vault monster count
 E = Vault monster count
 F = Vault count percentage of total count
                 A         B        C        D         E       F
            +---------+---------+-------+---------+---------+-------
      Total |   11033 |   10931 |  49.8 |     199 |     110 |  35.6
            +---------+---------+-------+---------+---------+-------
        D:1 |      46 |       0 |   0.0 |      26 |       0 |   0.0
        D:2 |      97 |      43 |  30.7 |      27 |       3 |  10.0
        D:3 |      35 |       0 |   0.0 |      10 |       0 |   0.0
        D:4 |     419 |       3 |   0.7 |      23 |       2 |   8.0
        D:5 |     839 |       0 |   0.0 |      25 |       0 |   0.0
        D:6 |    1149 |       0 |   0.0 |      17 |       0 |   0.0
        D:7 |     862 |       0 |   0.0 |       9 |       0 |   0.0
        D:8 |    1058 |     651 |  38.1 |      18 |       1 |   5.3
        D:9 |    2584 |       0 |   0.0 |      19 |       0 |   0.0
       D:10 |    2410 |    1310 |  35.2 |      13 |      32 |  71.1
       D:11 |    1534 |    6737 |  81.5 |      12 |      11 |  47.8
    Ossuary |       0 |     703 | 100.0 |       0 |      28 | 100.0
     Bailey |       0 |    1484 | 100.0 |       0 |      33 | 100.0
            +---------+---------+-------+---------+---------+-------

Skill      XL: |  1  2  3  4  5  6  7  8  9 10 11 |
---------------+----------------------------------+-----
Short Blades   | 1 2 3 4 5 6 7 8 10 | 10.1
Stealth        | 3 4 5 6 7 8 |  8.2
Hexes          | 4 5 6 7 8 10 | 10.0
Spellcasting   | 3 4 5 6 |  6.5
Invocations    | 3 5 7 |  7.3
Dodging        | 3 |  3.7
Fighting       | 3 |  3.5
Armour         | 3 |  3.2

Action                     |  1- 3 |  4- 6 |  7- 9 | 10-12 || total
---------------------------+-------+-------+-------+-------++-------
  Melee: Dagger            |   118 |   120 |   314 |   422 ||   974
         Headbutt          |    10 |    21 |    48 |    82 ||   161
         Punch             |       |     1 |     7 |     4 ||    12
   Cast: Ensorcelled Hiber |     6 |    26 |    24 |    48 ||   104
         Confusing Touch   |       |     2 |     9 |    14 ||    25
         Sigil of Binding  |       |       |     1 |       ||     1
         Dazzling Flash    |       |       |       |     1 ||     1
  Evoke: Wand              |       |       |       |     3 ||     3
    Use: Scroll            |     4 |     4 |    13 |     5 ||    26
         Potion            |       |     3 |       |       ||     3
   Stab: Sleeping          |    13 |    13 |    27 |    27 ||    80
         Confused          |       |     2 |     8 |    10 ||    20
         Invisible         |       |       |       |     1 ||     1
 Armour: Robe              |    44 |    64 |    92 |       ||   200
         Acid dragon scale |       |       |    23 |   155 ||   178
  Dodge: Dodged            |    61 |    74 |   221 |   338 ||   694

Illustrated notes

Table legend:
 A = Kills in this place as a percentage of kills in the entire game.
 B = Kills by you in this place as a percentage of kills by you in the entire game.
 C = Kills by friends in this place as a percentage of kills by friends in the entire game.
 D = Other kills in this place as a percentage of other kills in the entire game.
 E = Experience gained in this place as a percentage of experience gained in the entire game.
 F = Experience gained in this place divided by the number of levels of this place that you have seen.
                   A       B       C       D       E      F
               +-------+-------+-------+-------+-------+----------------------
         Total | 100.0 | 100.0 |   N/A | 100.0 | 100.0 | 1568.9
       Dungeon |  80.3 |  80.2 |   N/A | 100.0 |  90.0 | 1797.9
       Ossuary |   9.1 |   9.1 |   N/A |   0.0 |   3.2 | 703.0
        Bailey |  10.7 |  10.7 |   N/A |   0.0 |   6.8 | 1484.0
               +-------+-------+-------+-------+-------+----------------------

Table legend: (Time is in decaauts)
 A = Elapsed time spent in this place.
 B = Non-inter-level travel time spent in this place.
 C = Inter-level travel time spent in this place.
 D = Time resting spent in this place.
 E = Time spent auto-exploring this place.
 F = Levels seen in this place.
 G = Mean time per level.
                   A        B        C        D        E       F      G
               +--------+--------+--------+--------+--------+-----+--------+
         Total |  13440 |  12691 |    749 |   1917 |   8485 |  14 |  960.0 |
       Dungeon |  12511 |  11771 |    740 |   1813 |   8022 |  11 | 1137.4 |
        Temple |     18 |      9 |      9 |      0 |      0 |   1 |   18.0 |
       Ossuary |    389 |    389 |      0 |      2 |    255 |   1 |  389.0 |
        Bailey |    520 |    520 |      0 |    102 |    208 |   1 |  520.0 |
               +--------+--------+--------+--------+--------+-----+--------+

Top non-repeatable levels by time:
    D:10: 1505 daAuts
     D:7: 1444 daAuts
     D:2: 1300 daAuts
     D:9: 1249 daAuts
     D:8: 1151 daAuts
     D:6: 1138 daAuts
     D:4: 1078 daAuts
    D:11: 1017 daAuts
     D:5: 997 daAuts
     D:1: 854 daAuts
     D:3: 774 daAuts
  Bailey: 520 daAuts
 Ossuary: 389 daAuts
  Temple: 18 daAuts
